Workbook
Name _____ADN1: #REF!
Name _____ADN1: #REF!
Name _____ADS1: #REF!
Name _____ADS1: #REF!
Name _____EUR1: #REF!
Name _____EUR1: #REF!
Name ____ADN1: #REF!
Name ____ADS1: #REF!
Name ____EUR1: #REF!
Name ___ADN1: #REF!
Name ___ADS1: #REF!
Name ___EUR1: #REF!
Name __ADN1: #REF!
Name __ADS1: #REF!
Name __EUR1: #REF!
Name _ADN1: #REF!
Name _ADS1: #REF!
Name _EUR1: #REF!
Name ADN: #REF!
Name ADS: #REF!
Name AmNord_RMde: #REF!
Name ANNEE_EN_COURS: [1]Dates!$B$2
Name ANNEE_EN_COURS: [2]Dates!$B$2
Name ASIE: #REF!
Name ASIE: #REF!
Name ASIE1: #REF!
Name ASIE1: #REF!
Name BaseCum: '[3]Base CUMUL (2)'!$A$5:$X$72
Name BaseCumNG: '[4]Base CUMUL (2)'!$A$5:$X$72
Name BEF: #REF!
Name BEF: #REF!
Name BEFP99: #REF!
Name BEFP99: #REF!
Name BRR: #REF!
Name BRR: #REF!
Name BRRP00: #REF!
Name BRRP99: '[5]Bud_support00 et STE6'!$U$444
Name CAD: #REF!
Name CAD: #REF!
Name CADP00: #REF!
Name CADP00: #REF!
Name CADP99: '[5]Bud_support00 et STE6'!$U$445
Name changes: #REF!
Name changes: #REF!
Name COP00: #REF!
Name COP00: #REF!
Name Corresp: [4]Correspondance!$A$2:$E$68
Name cotations: #REF!
Name cotations: #REF!
Name DEM: #REF!
Name DEM: #REF!
Name DEMP00: #REF!
Name DEMP00: #REF!
Name DEMP99: '[5]Bud_support00 et STE6'!$U$446
Name dev: '[5]TAUX 2000'!$B$10:$F$62
Name ESP: #REF!
Name ESP: #REF!
Name ESPP00: #REF!
Name ESPP00: #REF!
Name ESPP99: '[5]Bud_support00 et STE6'!$U$447

Sheet Chiffres clés
A1: En millions d'euros | B1: 2023 | C1: 2022 | D1: 2021 | E1: 2020 | F1: 2019 | G1: 2018
A2: Ventes | B2: ='[2]3.3 Compte de résultat'!C5 -> 28343 | C2: 28590 | D2: 23795 | E2: 20469 | F2: 24135 | G2: 22028
A3: % de variation | B3: ='[2]3.2.1 Effets ventes tableau'!B11 -> -0.0086393844 | C3: 0.20151292 | D3: 0.163 | E3: -0.152 | F3: 0.096 | G3: 0.003
A4: Total des frais de personnel | B4: ='[2]3.3.3 b MASA & Effectifs'!C5 -> 7401 | C4: 6950 | D4: 6445 | E4: 5996 | F4: 6365 | G4: 6038
A5: % des ventes | B5: ='[2]3.3.3 b MASA & Effectifs'!C6 -> 0.26112268 | C5: 0.24309199 | D5: 0.271 | E5: 0.293 | F5: 0.264 | G5: 0.274
A6: Effectifs fin de période (en équivalents temps plein) | B6: ='[2]3.3.3 b MASA & Effectifs'!C8 -> 125000 | C6: 124900 | D6: 118400 | E6: 117500 | F6: 121300 | G6: 111100
A7: Frais de recherche et développement | B7: ='[2]3.3.3 c à m'!C22 -> 756 | C7: 698 | D7: 682 | E7: 646 | F7: 687 | G7: 648
A8: % des ventes | B8: ='[2]3.3.3 c à m'!C23 -> 0.026673253 | C8: 0.024414131 | D8: 0.029 | E8: 0.032 | F8: 0.028 | G8: 0.029
A9: EBITDA des secteurs (1) | B9: ='[2]3.5.1 CF opérationnel'!B4 -> 5489 | C9: 5262 | D9: 4700 | E9: 3631 | F9: 4763 | G9: 4119
A10: Résultat opérationnel des secteurs | B10: ='[2]3.3 Compte de résultat'!C12 -> 3572 | C10: 3396 | D10: 2966 | E10: 1878 | F10: 3009 | G10: 2775
A11: Marge opérationnelle des secteurs | B11: ='[2]3.3 Compte de résultat'!F12 -> 0.12602759 | C11: 0.11878279 | D11: 0.125 | E11: 0.092 | F11: 0.125 | G11: 0.126
A12: Résultat opérationnel | B12: ='[2]3.3 Compte de résultat'!C14 -> 2652 | C12: 3021 | D12: 2777 | E12: 1403 | F12: 2691 | G12: 2550.4
A13: Marge opérationnelle | B13: ='[2]3.3 Compte de résultat'!F14 -> 0.093568077 | C13: 0.10566632 | D13: 0.117 | E13: 0.069 | F13: 0.111 | G13: 0.116
A14: Coût de l'endettement net | B14: =-'[2]3.3 Compte de résultat'!C15 -> 198 | C14: 239 | D14: 192 | E14: 242 | F14: 330 | G14: 200
A15: Autres produits et charges financiers | B15: ='[2]3.3 Compte de résultat'!C16 -> 2 | C15: -22 | D15: -4 | E15: -14 | F15: -5 | G15: 16
A16: Résultat avant impôts | B16: ='[2]3.3 Compte de résultat'!C19 -> 2490 | C16: 2656 | D16: 2471 | E16: 979 | F16: 2236 | G16: 2230
A17: Impôts sur le résultat | B17: =-'[2]3.3 Compte de résultat'!C20 -> 507 | C17: 647 | D17: 626 | E17: 354 | F17: 506 | G17: 570
A18: Taux d'impôt effectif | B18: =B17/B16 -> 0.20361446 | C18: =C17/C16 -> 0.2435994 | D18: 0.253 | E18: 0.362 | F18: 0.226 | G18: 0.256
A19: Résultat net | B19: ='[2]3.3 Compte de résultat'!C21 -> 1983 | C19: 2009 | D19: 1845 | E19: 625 | F19: 1730 | G19: 1660
A20: % des ventes | B20: ='[2]3.3 Compte de résultat'!F21 -> 0.069964365 | C20: 0.070269325 | D20: 0.078 | E20: 0.031 | F20: 0.072 | G20: 0.075
A21: Dividendes | B21: ='[6]TAB FLUX'!$D$65 -> -893 | C21: 803 | D21: 410 | E21: 357 | F21: 666 | G21: 637
A22: Flux de trésorerie sur activités opérationnelles | B22: ='[2]3.5.1 CF opérationnel'!B12 -> 5287 | C22: 1931 | D22: 2906 | E22: 3366 | F22: 3321 | G22: 2831
A23: % des ventes | B23: =B22/B2 -> 0.18653636 | C23: =C22/C2 -> 0.067541098 | D23: 0.122 | E23: 0.164 | F23: 0.138 | G23: 0.129
A24: Investissements incorporels et corporels bruts | B24: ='[2]3.5.2 Capex'!B4 -> 2236 | C24: 2141 | D24: 1705 | E24: 1221 | F24: 1801 | G24: 1669
A25: % des ventes | B25: =B24/B2 -> 0.078890731 | C25: =C24/C2 -> 0.074886324 | D25: 0.072 | E25: 0.06 | F25: 0.075 | G25: 0.076
A26: Endettement net (2) | B26: ='[2]3.4.11 Dette'!B16 -> 3280.8 | C26: 4320 | D26: 2789 | E26: 3531 | F26: 5184 | G26: 4056
A27: Capitaux propres | B27: ='[2]3.4 Bilan'!B28 -> 17958 | C27: 17116 | D27: 14971 | E27: 12631 | F27: 13229 | G27: 12181
A28: Endettement net (2) / Capitaux propres | B28: =B26/B27 -> 0.18269295 | C28: =C26/C27 -> 0.25239542 | D28: 0.186 | E28: 0.28 | F28: 0.392 | G28: 0.33
A29: Endettement net (2) / EBITDA (1) | B29: =B26/B9 -> 0.5977045 | C29: =C26/C9 -> 0.82098062 | D29: 0.59 | E29: 0.97 | F29: 1.09 | G29: 0.98
A30: Résultat opérationnel des secteurs / Charge d'intérêt nette (3) | B30: =B10/B65 -> 20.84014 | C30: =C10/C65 -> 11.488498 | D30: 13.7 | E30: 7.9 | F30: 10.1 | G30: 13.3
A31: Cash flow libre (4) | B31: ='[2]3.5.3 FCF'!B12 -> 2342.8 | C31: -180.3 | D31: 1357 | E31: 2004 | F31: 1142 | G31: -1985
A32: ROE – Rentabilité des capitaux propres (5) | B32: =B19/(AVERAGE(B27:C27)) -> 0.11307521 | C32: =C19/(AVERAGE(C27:D27)) -> 0.12522205 | D32: 0.13368596 | E32: =E19/(AVERAGE(E27:F27)) -> 0.0483372 | F32: =F19/(AVERAGE(F27:G27)) -> 0.13616686 | G32: =G19/(AVERAGE(G27:H27)) -> 0.13627781
A33: ROCE opérationnel (6) | B33: ='[2]3.6 ROCE'!B9 -> 0.11352576 | C33: ='[2]3.6 ROCE'!B9 -> 0.11352576 | D33: 0.103 | E33: 0.06 | F33: 0.1 | G33: -
A34: Données par action (en euros)
A35: Actif net par action (7) | B35: =B27/B67*1000000 -> 25.117551 | C35: =C27/C67*1000000 -> 23.968047 | D35: 20.9 | E35: =70.8/4 -> 17.7 | F35: =74.1/4 -> 18.525 | G35: =67.8/4 -> 16.95
A36: Résultat de base par action | B36: ='[2]3.3 Compte de résultat'!C25 -> 2.7723791 | C36: 2.8061497 | D36: 2.58 | E36: =3.52/4 -> 0.88 | F36: =9.69/4 -> 2.4225 | G36: =9.3/4 -> 2.325
A37: Résultat dilué par action | B37: ='[2]3.3 Compte de résultat'!C26 -> 2.7513849 | C37: 2.7870338 | D37: 2.56 | E37: 3.51 | F37: 9.66 | G37: 9.25
A38: PER (8) | B38: =B68/B36 -> 11.708356 | C38: =C68/C36 -> 9.2618011 | D38: =D68/D36 -> 13.968992 | E38: 29.8 | F38: 11.3 | G38: 9.3
A39: Dividende par action (9) | B39: 1.35 | C39: 1.25 | D39: 1.125 | E39: =2.3/4 -> 0.575 | F39: 0.5 | G39: =3.7/4 -> 0.925
A40: Taux de distribution (10) | B40: 0.487 | C40: 0.44 | D40: 0.44 | E40: 0.65 | F40: 0.21 | G40: 0.4
A41: Rendement par action (11) | B41: 0.042 | C41: 0.048 | D41: 0.031 | E41: 0.022 | F41: 0.018 | G41: 0.043
A45: (1) Tel que défini en note 3.7.2 des Etats financiers consolidés
A46: (2) Endettement net: dettes financières - liquidités et équivalents de trésorerie (retraités des variations des actifs de gestion de trésorerie et de garantie d'emprunts) +/- instruments financiers dérivés, tel que calculé en note 26 aux Etats financiers consolidés
A47: (3) Charge d’intérêts nette : charge d’intérêts financiers - produit d’intérêts de la trésorerie.
A48: (4) Cash flow libre : flux de trésorerie sur activités opérationnelles - flux de trésorerie sur activités d’investissement (retraités des variations des actifs financiers de gestion
A49: de trésorerie et de garantie d’emprunts), tel que calculé au chapitre 1.5.3.
A50: (5) ROE : à partir de 2022, le Groupe applique la définition suivante du ROE: résultat net / capitaux propres moyens annuels (moyenne 31.12 N / 31.12 N-1), en lieu et place de résultat net / capitaux propres de l'année N. Les années 2018 à 2021 ont été retraitées à des fins de comparaison.
A51: (6) ROCE opérationnel : calculé selon la méthode en vigueur depuis 2021 expliquée au chapitre 1.6. Les ROCE des années 2019 et 2020 ont été recalculés selon cette méthode
A52: (7) Actif net par action : actif net/nombre d’actions fin de période.
A53: (8) PER : cours de l’action fin de période/résultat de base par action.
A54: (9) Dividende soumis à l'approbation de l'Assemblée générale des actionnaires du 12 mai 2023
A55: (10) Taux de distribution : dividende/résultat net
A56: (11) Rendement : dividende/cours de l’action au 31 décembre.
A63: Produits d'intérêts | B63: -130.4 | C63: -11.6 | D63: voir tableau du résultat financier
A64: Charges d'intérêts | B64: 301.8 | C64: 307.2
A65: Charge nette d'intérêts | B65: =B64+B63 -> 171.4 | C65: =C64+C63 -> 295.6
N66: =210+125+39 -> 374
A67: Nombre d'actions fin de période | B67: 714958226 | C67: 714117414
A68: Cours de l'action fin de période | B68: 32.46 | C68: 25.99 | D68: 36.04
C130: =VLOOKUP($A$127,'Chiffres clés'!$A:$G,MATCH(A130,'Chiffres clés'!$1:$1,0),0) -> #N/A
C131: =VLOOKUP($A$127,'Chiffres clés'!$A:$G,MATCH(A131,'Chiffres clés'!$1:$1,0),0) -> #N/A
C132: =VLOOKUP($A$127,'Chiffres clés'!$A:$G,MATCH(A132,'Chiffres clés'!$1:$1,0),0) -> #N/A
C133: =VLOOKUP($A$127,'Chiffres clés'!$A:$G,MATCH(A133,'Chiffres clés'!$1:$1,0),0) -> #N/A
C134: =VLOOKUP($A$127,'Chiffres clés'!$A:$G,MATCH(A134,'Chiffres clés'!$1:$1,0),0) -> #N/A

Sheet Marchés
A1: Marché Tourime camionette Première monte par zone géographique
A2: (en millions de pneus)
B3: Europe (1) | C3: Amérique du Nord (2) | D3: Asie (hors Inde) | E3: Amérique du Sud | F3: Afrique Inde Moyen-Orient
A4: 2019 | B4: 100 | C4: 78.9 | D4: 195.1 | E4: 16.3 | F4: 30.2
A5: 2020 | B5: 78 | C5: 63 | D5: 176 | E5: 11 | F5: 25
A6: 2021 | B6: 75 | C6: 63 | D6: 181 | E6: 13 | F6: 30
A7: 2022 | B7: =VLOOKUP(Marchés!B$3,'[2]3.1.3 a-b Marchés TC OE-RT'!$A$4:$C$10,3,0) -> 74.568355 | C7: =VLOOKUP(Marchés!C$3,'[2]3.1.3 a-b Marchés TC OE-RT'!$A$4:$C$10,3,0) -> 68.913792 | D7: ='[2]3.1.3 a-b Marchés TC OE-RT'!C7+'[2]3.1.3 a-b Marchés TC OE-RT'!C8 -> 190.81999 | E7: =VLOOKUP(Marchés!E$3,'[2]3.1.3 a-b Marchés TC OE-RT'!$A$4:$C$10,3,0) -> 14.23873 | F7: =VLOOKUP(Marchés!F$3,'[2]3.1.3 a-b Marchés TC OE-RT'!$A$4:$C$10,3,0) -> 35.607706
A8: 2023 | B8: =VLOOKUP(Marchés!B$3,'[2]3.1.3 a-b Marchés TC OE-RT'!$A$4:$C$10,2,0) -> 82.502225 | C8: =VLOOKUP(Marchés!C$3,'[2]3.1.3 a-b Marchés TC OE-RT'!$A$4:$C$10,2,0) -> 74.950426 | D8: ='[2]3.1.3 a-b Marchés TC OE-RT'!B7+'[2]3.1.3 a-b Marchés TC OE-RT'!B8 -> 209.174 | E8: =VLOOKUP(Marchés!E$3,'[2]3.1.3 a-b Marchés TC OE-RT'!$A$4:$C$10,2,0) -> 14.65659 | F8: =VLOOKUP(Marchés!F$3,'[2]3.1.3 a-b Marchés TC OE-RT'!$A$4:$C$10,2,0) -> 36.122075
A9: (1) Y compris Russie et Turquie
A10: (2) Etats-Unis, Canada et Mexique
A11: Estimations Michelin
A19: Marché Tourime camionette Remplacement par zone géographique
A20: (en millions de pneus)
B21: Europe (1) | C21: Amérique du Nord (2) | D21: Asie (hors Inde) | E21: Amérique du Sud | F21: Afrique Inde Moyen-Orient
A22: 2019 | B22: 373.6 | C22: =280.4+36.5 -> 316.9 | D22: 282.3 | E22: 66.2 | F22: 103.9
A23: 2020 | B23: 340 | C23: 288 | D23: 266 | E23: 54 | F23: 91
A24: 2021 | B24: =319+63 -> 382 | C24: 328 | D24: =135+142 -> 277 | E24: 69 | F24: 110
A25: 2022 | B25: =VLOOKUP(Marchés!B$21,'[2]3.1.3 a-b Marchés TC OE-RT'!$A$17:$C$23,3,0) -> 384.5137 | C25: =VLOOKUP(Marchés!C$21,'[2]3.1.3 a-b Marchés TC OE-RT'!$A$17:$C$23,3,0) -> 316.12529 | D25: ='[2]3.1.3 a-b Marchés TC OE-RT'!C20+'[2]3.1.3 a-b Marchés TC OE-RT'!C21 -> 265.91057 | E25: =VLOOKUP(Marchés!E$21,'[2]3.1.3 a-b Marchés TC OE-RT'!$A$17:$C$23,3,0) -> 73.086288 | F25: =VLOOKUP(Marchés!F$21,'[2]3.1.3 a-b Marchés TC OE-RT'!$A$17:$C$23,3,0) -> 110.95705
A26: 2023 | B26: =VLOOKUP(Marchés!B$3,'[2]3.1.3 a-b Marchés TC OE-RT'!$A$17:$C$23,2,0) -> 370.86624 | C26: =VLOOKUP(Marchés!C$3,'[2]3.1.3 a-b Marchés TC OE-RT'!$A$17:$C$23,2,0) -> 315.88066 | D26: ='[2]3.1.3 a-b Marchés TC OE-RT'!B20+'[2]3.1.3 a-b Marchés TC OE-RT'!B21 -> 275.72006 | E26: =VLOOKUP(Marchés!E$3,'[2]3.1.3 a-b Marchés TC OE-RT'!$A$17:$C$23,2,0) -> 79.468066 | F26: =VLOOKUP(Marchés!F$3,'[2]3.1.3 a-b Marchés TC OE-RT'!$A$17:$C$23,2,0) -> 113.58295
A27: (1) Y compris Russie et Turquie
A28: (2) Etats-Unis, Canada et Mexique
A29: Estimations Michelin
A37: Marché Transport routier Première monte par zone géographique
A38: (en millions de pneus)
B39: Europe (1) | C39: Amérique du Nord (2) | D39: Asie (hors Inde) | E39: Amérique du Sud | F39: Afrique Inde Moyen-Orient
A40: 2019 | B40: 6.7 | C40: =6.8+0.1 -> 6.9 | D40: 27.3 | E40: 1.9 | F40: 4.2
A41: 2020 | B41: 5.6 | C41: 4.9 | D41: 37.3 | E41: 1.6 | F41: 2.3
A42: 2021 | B42: 6.9 | C42: 6.1 | D42: 32.9 | E42: 2.1 | F42: 3.8
A43: 2022 | B43: =VLOOKUP(Marchés!B$39,'[2]3.1.4 a-b Marchés PL OE-RT'!$A$4:$C$10,3,0) -> 7.06754 | C43: =VLOOKUP(Marchés!C$39,'[2]3.1.4 a-b Marchés PL OE-RT'!$A$4:$C$10,3,0) -> 6.736475 | D43: ='[2]3.1.4 a-b Marchés PL OE-RT'!C11+'[2]3.1.4 a-b Marchés PL OE-RT'!C8 -> 20.596374 | E43: =VLOOKUP(Marchés!E$39,'[2]3.1.4 a-b Marchés PL OE-RT'!$A$4:$C$10,3,0) -> 2.526847 | F43: =VLOOKUP(Marchés!F$39,'[2]3.1.4 a-b Marchés PL OE-RT'!$A$4:$C$10,3,0) -> 5.276281
A44: 2023 | B44: =VLOOKUP(Marchés!B$39,'[2]3.1.4 a-b Marchés PL OE-RT'!$A$4:$C$10,2,0) -> 7.423146 | C44: =VLOOKUP(Marchés!C$39,'[2]3.1.4 a-b Marchés PL OE-RT'!$A$4:$C$10,2,0) -> 6.444809 | D44: ='[2]3.1.4 a-b Marchés PL OE-RT'!B11+'[2]3.1.4 a-b Marchés PL OE-RT'!B8 -> 25.13186 | E44: =VLOOKUP(Marchés!E$39,'[2]3.1.4 a-b Marchés PL OE-RT'!$A$4:$C$10,2,0) -> 1.892943 | F44: =VLOOKUP(Marchés!F$39,'[2]3.1.4 a-b Marchés PL OE-RT'!$A$4:$C$10,2,0) -> 5.846169
A45: (1) Y compris Russie et Turquie
A46: (2) Etats-Unis, Canada et Mexique
A47: Estimations Michelin
A51: Marché Transport routier Remplacement par zone géographique
A52: (en millions de pneus)
B53: Europe (1) | C53: Amérique du Nord (2) | D53: Asie (hors Inde) | E53: Amérique du Sud | F53: Afrique Inde Moyen-Orient
A54: 2019 | B54: 24.3 | C54: 26.6 | D54: 80.5 | E54: 12.5 | F54: 31
A55: 2020 | B55: 23.7 | C55: 26.2 | D55: 68.4 | E55: 11.8 | F55: 25.6
A56: 2021 | B56: 26.6 | C56: 31.8 | D56: 66.3 | E56: 15.3 | F56: 27.6
A57: 2022 | B57: =VLOOKUP(Marchés!B$53,'[2]3.1.4 a-b Marchés PL OE-RT'!$A$19:$C$24,3,0) -> 27.528757 | C57: =VLOOKUP(Marchés!C$53,'[2]3.1.4 a-b Marchés PL OE-RT'!$A$19:$C$24,3,0) -> 35.746598 | D57: ='[2]3.1.4 a-b Marchés PL OE-RT'!C25+'[2]3.1.4 a-b Marchés PL OE-RT'!C22 -> 60.756453 | E57: =VLOOKUP(Marchés!E$53,'[2]3.1.4 a-b Marchés PL OE-RT'!$A$19:$C$24,3,0) -> 15.511449 | F57: =VLOOKUP(Marchés!F$53,'[2]3.1.4 a-b Marchés PL OE-RT'!$A$19:$C$24,3,0) -> 28.721268
A58: 2023 | B58: =VLOOKUP(Marchés!B$53,'[2]3.1.4 a-b Marchés PL OE-RT'!$A$19:$C$24,2,0) -> 25.521675 | C58: =VLOOKUP(Marchés!C$53,'[2]3.1.4 a-b Marchés PL OE-RT'!$A$19:$C$24,2,0) -> 30.52828 | D58: ='[2]3.1.4 a-b Marchés PL OE-RT'!B21+'[2]3.1.4 a-b Marchés PL OE-RT'!B25 -> 57.889163 | E58: =VLOOKUP(Marchés!E$53,'[2]3.1.4 a-b Marchés PL OE-RT'!$A$19:$C$24,2,0) -> 16.400328 | F58: =VLOOKUP(Marchés!F$53,'[2]3.1.4 a-b Marchés PL OE-RT'!$A$19:$C$24,2,0) -> 28.880157
A59: (1) Y compris Russie et Turquie
A60: (2) Etats-Unis, Canada et Mexique
A61: Estimations Michelin
A72: Marché génie civil minier
A73: (base 100 en 2019 en nombre de pneus)
A74: 2019 | B74: 100
A75: 2020 | B75: 84
A76: 2021 | B76: 91.0266
A77: 2022 | B77: 96.488196
A78: 2023 | B78: 97.818898
A81: Marché génie civil construction
A82: =A73 -> (base 100 en 2019 en nombre de pneus)
A83: 2018 | B83: 100
A84: 2019 | B84: 99.137931
A85: 2020 | B85: 80.202586
A86: 2021 | B86: 100.558
A87: 2022 | B87: 98.044053
A90: Marché agricole
A91: =A73 -> (base 100 en 2019 en nombre de pneus)
A92: Europe et Amérique du Nord)
A93: 2019 | B93: 100
A94: 2020 | B94: 98.93617
A95: 2021 | B95: 115.08255
A96: 2022 | B96: 118.0747
A97: 2023 | B97: 105.95445

Sheet Ventes
A1: Effet de la variation des volumes sur les ventes (sur la base de volumes exprimés en tonnes)
A2: (volume exprimé en tonnes)
A3: 2011 | B3: 0.067
A4: 2012 | B4: -0.064
A5: 2013 | B5: 0
A6: 2014 | B6: 0.007
A7: 2015 | B7: 0.032
A8: 2016 | B8: 0.021
A9: 2017 | B9: 0.026
A10: 2018 | B10: 0.009
A11: 2019 | B11: -0.012
A12: 2020 | B12: -0.14
A13: 2021 | B13: 0.118
A14: 2022 | B14: -0.02
A15: 2023 | B15: ='[2]3.2.1 Effets ventes tableau'!B12 -> -0.046724608
A17: Ventes
A18: (en millions €)
A19: =A20-1 -> 2018 | B19: =VLOOKUP($A$17,'Chiffres clés'!$A:$G,MATCH(C19,'Chiffres clés'!$1:$1,0),0) -> 22028 | C19: =OFFSET('Chiffres clés'!$C$1,,D19) -> 2018 | D19: =D20+1 -> 4
A20: =A21-1 -> 2019 | B20: =VLOOKUP($A$17,'Chiffres clés'!$A:$G,MATCH(C20,'Chiffres clés'!$1:$1,0),0) -> 24135 | C20: =OFFSET('Chiffres clés'!$C$1,,D20) -> 2019 | D20: =D21+1 -> 3
A21: =A22-1 -> 2020 | B21: =VLOOKUP($A$17,'Chiffres clés'!$A:$G,MATCH(C21,'Chiffres clés'!$1:$1,0),0) -> 20469 | C21: =OFFSET('Chiffres clés'!$C$1,,D21) -> 2020 | D21: =D22+1 -> 2
A22: =A23-1 -> 2021 | B22: =VLOOKUP($A$17,'Chiffres clés'!$A:$G,MATCH(C22,'Chiffres clés'!$1:$1,0),0) -> 23795 | C22: =OFFSET('Chiffres clés'!$C$1,,D22) -> 2021 | D22: =D23+1 -> 1
A23: ='Chiffres clés'!$C$1 -> 2022 | B23: =VLOOKUP($A$17,'Chiffres clés'!$A:$G,MATCH(C23,'Chiffres clés'!$1:$1,0),0) -> 28590 | C23: =OFFSET('Chiffres clés'!$C$1,,D23) -> 2022 | D23: 0
A24: 2023 | B24: =VLOOKUP($A$17,'Chiffres clés'!$A:$G,MATCH(C24,'Chiffres clés'!$1:$1,0),0) -> 28343 | C24: =OFFSET('Chiffres clés'!$C$1,,D24) -> 2023 | D24: -1
A26: Répartition des ventes par secteur opérationnel
A27: (en valeur) | B27: 2018 * | C27: 2019 | D27: 2020 | E27: 2021 | F27: 2022 | G27: 2023
A28: Automobile ** | B28: 0.51 | C28: 0.49 | D28: 0.5 | E28: 0.50422358 | F28: ='[2]3.3.2 b-d ROS par SR'!F4 -> 0.49451381 | G28: ='[2]3.3.2 b-d ROS par SR'!E4 -> 0.50590975
A29: Transport routier ** | B29: 0.29 | C29: 0.27 | D29: 0.26 | E29: 0.26194579 | F29: ='[2]3.3.2 b-d ROS par SR'!F12 -> 0.26101473 | G29: ='[2]3.3.2 b-d ROS par SR'!E12 -> 0.24609251
A30: Activités de spécialités ** | B30: 0.2 | C30: 0.24 | D30: 0.24 | E30: 0.23383064 | F30: ='[2]3.3.2 b-d ROS par SR'!F20 -> 0.24447146 | G30: ='[2]3.3.2 b-d ROS par SR'!E20 -> 0.24799774
A32: * Les montants de l'exercice 2018 ont été retraités, voir note 2.5 des états financiers consolidés disponibles dans le document d'enregistrement universel 2019
A33: ** et distribution associée
A49: Répartition des ventes par zone géographique
A51: (en valeur) | B51: 2018 | C51: 2019 | D51: 2020 | E51: 2021 | F51: 2022 | G51: 2023
A52: Europe (y.c. Centrale et Orientale) | B52: 0.39 | C52: 0.37 | D52: 0.37326748 | E52: 0.37882551 | F52: ='[2]3.2.4 Ventes par zones géo'!E12 -> 0.35466645 | G52: ='[2]3.2.4 Ventes par zones géo'!C12 -> 0.34897737
A53: Amérique du Nord (y.c. Mexique) | B53: 0.36 | C53: 0.37 | D53: 0.34695322 | E53: 0.35255424 | F53: ='[2]3.2.4 Ventes par zones géo'!E14 -> 0.3819408 | G53: ='[2]3.2.4 Ventes par zones géo'!C14 -> 0.39155747
A54: Autres zones | B54: 0.26 | C54: 0.26 | D54: 0.2797793 | E54: 0.26862025 | F54: ='[2]3.2.4 Ventes par zones géo'!E15 -> 0.26339275 | G54: ='[2]3.2.4 Ventes par zones géo'!C15 -> 0.25946515

Sheet Site web | Resultats
A1: Répartition des charges par nature
A2: (en % des ventes)
A3: Chiffre affaires | B3: 1
A4: Matières premières | B4: =-('[2]3.3.3 a Matières premières'!L9/1000)/'[2]3.3 Compte de résultat'!$C$5 -> -0.20686881
A5: Frais de personnel | B5: =-5970/'[2]3.3 Compte de résultat'!$C$5 -> -0.21063402
A6: Transport de marchandises | B6: =-'[2]3.3.3 c à m'!C11 -> -0.052393889
A7: Charges d'amortissements | B7: =-1753/'[2]3.3 Compte de résultat'!$C$5 -> -0.061849487
A8: Autres charges* | B8: =B9-SUM(B4:B7) -> -0.349471
A9: Total des charges des secteurs | B9: =-100%+B10 -> -0.88121721
A10: Marge opérationnelle des secteurs | B10: ='Chiffres clés'!C11 -> 0.11878279
A11: * dont achats autres que matières premières et transport de marchandises (énergie, autres biens consommables, prestations de services, communication, etc.)
A14: Résultat opérationnel des secteurs
A15: (en millions €)
A16: =A17-1 -> 2018 | B16: =VLOOKUP(A14,'Chiffres clés'!$A:$G,MATCH(C16,'Chiffres clés'!$1:$1,0),0) -> 2775 | C16: =OFFSET('Chiffres clés'!$C$1,,D16) -> 2018 | D16: =D17+1 -> 4
A17: =A18-1 -> 2019 | B17: =VLOOKUP($A$14,'Chiffres clés'!$A:$G,MATCH(C17,'Chiffres clés'!$1:$1,0),0) -> 3009 | C17: =OFFSET('Chiffres clés'!$C$1,,D17) -> 2019 | D17: =D18+1 -> 3
A18: =A19-1 -> 2020 | B18: =VLOOKUP($A$14,'Chiffres clés'!$A:$G,MATCH(C18,'Chiffres clés'!$1:$1,0),0) -> 1878 | C18: =OFFSET('Chiffres clés'!$C$1,,D18) -> 2020 | D18: =D19+1 -> 2
A19: =A20-1 -> 2021 | B19: =VLOOKUP($A$14,'Chiffres clés'!$A:$G,MATCH(C19,'Chiffres clés'!$1:$1,0),0) -> 2966 | C19: =OFFSET('Chiffres clés'!$C$1,,D19) -> 2021 | D19: =D20+1 -> 1
A20: ='Chiffres clés'!$C$1 -> 2022 | B20: =VLOOKUP($A$14,'Chiffres clés'!$A:$G,MATCH(C20,'Chiffres clés'!$1:$1,0),0) -> 3396 | C20: =OFFSET('Chiffres clés'!$C$1,,D20) -> 2022 | D20: 0
A21: 2023 | B21: =VLOOKUP($A$14,'Chiffres clés'!$A:$G,MATCH(C21,'Chiffres clés'!$1:$1,0),0) -> 3572 | C21: =OFFSET('Chiffres clés'!$C$1,,D21) -> 2023 | D21: -1
A23: Marge opérationnelle des secteurs
A24: (en % des ventes)
A25: =A26-1 -> 2018 | B25: =VLOOKUP($A$23,'Chiffres clés'!$A:$G,MATCH(C25,'Chiffres clés'!$1:$1,0),0) -> 0.126 | C25: =OFFSET('Chiffres clés'!$C$1,,D25) -> 2018 | D25: =D26+1 -> 4
A26: =A27-1 -> 2019 | B26: =VLOOKUP($A$23,'Chiffres clés'!$A:$G,MATCH(C26,'Chiffres clés'!$1:$1,0),0) -> 0.125 | C26: =OFFSET('Chiffres clés'!$C$1,,D26) -> 2019 | D26: =D27+1 -> 3
A27: =A28-1 -> 2020 | B27: =VLOOKUP($A$23,'Chiffres clés'!$A:$G,MATCH(C27,'Chiffres clés'!$1:$1,0),0) -> 0.092 | C27: =OFFSET('Chiffres clés'!$C$1,,D27) -> 2020 | D27: =D28+1 -> 2
A28: =A29-1 -> 2021 | B28: =VLOOKUP($A$23,'Chiffres clés'!$A:$G,MATCH(C28,'Chiffres clés'!$1:$1,0),0) -> 0.125 | C28: =OFFSET('Chiffres clés'!$C$1,,D28) -> 2021 | D28: =D29+1 -> 1
A29: ='Chiffres clés'!$C$1 -> 2022 | B29: =VLOOKUP($A$23,'Chiffres clés'!$A:$G,MATCH(C29,'Chiffres clés'!$1:$1,0),0) -> 0.11878279 | C29: =OFFSET('Chiffres clés'!$C$1,,D29) -> 2022 | D29: 0
A30: 2023 | B30: =VLOOKUP($A$23,'Chiffres clés'!$A:$G,MATCH(C30,'Chiffres clés'!$1:$1,0),0) -> 0.12602759 | C30: =OFFSET('Chiffres clés'!$C$1,,D30) -> 2023 | D30: -1
A32: Résultat net
A33: (en millions €)
A34: =A35-1 -> 2018 | B34: =VLOOKUP($A$32,'Chiffres clés'!$A:$G,MATCH(C34,'Chiffres clés'!$1:$1,0),0) -> 1660 | C34: =OFFSET('Chiffres clés'!$C$1,,D34) -> 2018 | D34: =D35+1 -> 4
A35: =A36-1 -> 2019 | B35: =VLOOKUP($A$32,'Chiffres clés'!$A:$G,MATCH(C35,'Chiffres clés'!$1:$1,0),0) -> 1730 | C35: =OFFSET('Chiffres clés'!$C$1,,D35) -> 2019 | D35: =D36+1 -> 3
A36: =A37-1 -> 2020 | B36: =VLOOKUP($A$32,'Chiffres clés'!$A:$G,MATCH(C36,'Chiffres clés'!$1:$1,0),0) -> 625 | C36: =OFFSET('Chiffres clés'!$C$1,,D36) -> 2020 | D36: =D37+1 -> 2
A37: =A38-1 -> 2021 | B37: =VLOOKUP($A$32,'Chiffres clés'!$A:$G,MATCH(C37,'Chiffres clés'!$1:$1,0),0) -> 1845 | C37: =OFFSET('Chiffres clés'!$C$1,,D37) -> 2021 | D37: =D38+1 -> 1
A38: ='Chiffres clés'!$C$1 -> 2022 | B38: =VLOOKUP($A$32,'Chiffres clés'!$A:$G,MATCH(C38,'Chiffres clés'!$1:$1,0),0) -> 2009 | C38: =OFFSET('Chiffres clés'!$C$1,,D38) -> 2022 | D38: 0
A39: 2023 | B39: =VLOOKUP($A$32,'Chiffres clés'!$A:$G,MATCH(C39,'Chiffres clés'!$1:$1,0),0) -> 1983 | C39: =OFFSET('Chiffres clés'!$C$1,,D39) -> 2023 | D39: -1
A42: Résultat de base par action
A43: (en €)
A44: =A45-1 -> 2018 | B44: =VLOOKUP($A$42,'Chiffres clés'!$A:$G,MATCH(C44,'Chiffres clés'!$1:$1,0),0) -> 2.325 | C44: =OFFSET('Chiffres clés'!$C$1,,D44) -> 2018 | D44: =D45+1 -> 4
A45: =A46-1 -> 2019 | B45: =VLOOKUP($A$42,'Chiffres clés'!$A:$G,MATCH(C45,'Chiffres clés'!$1:$1,0),0) -> 2.4225 | C45: =OFFSET('Chiffres clés'!$C$1,,D45) -> 2019 | D45: =D46+1 -> 3
A46: =A47-1 -> 2020 | B46: =VLOOKUP($A$42,'Chiffres clés'!$A:$G,MATCH(C46,'Chiffres clés'!$1:$1,0),0) -> 0.88 | C46: =OFFSET('Chiffres clés'!$C$1,,D46) -> 2020 | D46: =D47+1 -> 2
A47: =A48-1 -> 2021 | B47: =VLOOKUP($A$42,'Chiffres clés'!$A:$G,MATCH(C47,'Chiffres clés'!$1:$1,0),0) -> 2.58 | C47: =OFFSET('Chiffres clés'!$C$1,,D47) -> 2021 | D47: =D48+1 -> 1
A48: ='Chiffres clés'!$C$1 -> 2022 | B48: =VLOOKUP($A$42,'Chiffres clés'!$A:$G,MATCH(C48,'Chiffres clés'!$1:$1,0),0) -> 2.8061497 | C48: =OFFSET('Chiffres clés'!$C$1,,D48) -> 2022 | D48: 0
A49: 2023 | B49: =VLOOKUP($A$42,'Chiffres clés'!$A:$G,MATCH(C49,'Chiffres clés'!$1:$1,0),0) -> 2.7723791 | C49: =OFFSET('Chiffres clés'!$C$1,,D49) -> 2023 | D49: -1
A52: Dividende par action
A53: (en €)
A54: 2010 | B54: 0.445
A55: 2011 | B55: 0.525
A56: 2012 | B56: 0.6
A57: 2013 | B57: 0.625
A58: 2014 | B58: 0.625
A59: 2015 | B59: 0.7125
A60: 2016 | B60: 0.8
A61: 2017 | B61: 0.8875
A62: 2018 | B62: 0.925
A63: 2019 | B63: 0.5
A64: 2020 | B64: =2.3/4 -> 0.575
A65: 2021 | B65: 1.125
A66: 2022 | B66: 1.25
A67: 2023 | B67: 1.35
A69: * Sous réserve de l'approbation de l'assemblée générale des actionnaires du 17 mai 2024.

Sheet Secteurs op.
A1: Automobile et distribution associée
A3: (en millions € et en % des ventes)
B4: Résultats opérationnel du secteur | C4: Marge opérationnelle du secteur
A5: 2018(1) | B5: 1295 | C5: 0.114
A6: 2019 | B6: 1321 | C6: 0.111
A7: 2020 | B7: 839 | C7: 0.083
A8: 2021 | B8: 1643 | C8: 0.137
A9: 2022 | B9: ='[2]3.3.2 b-d ROS par SR'!C6 -> 1710.5727 | C9: ='[2]3.3.2 b-d ROS par SR'!C7 -> 0.12098871
A10: 2023 | B10: ='[2]3.3.2 b-d ROS par SR'!B6 -> 1958.8015 | C10: ='[2]3.3.2 b-d ROS par SR'!B7 -> 0.13660656
A12: (1) Les montants de l'exercice 2018 ont été retraités, voir note 2.5 des états financiers consolidés disponibles dans le document d'enregistrement universel 2019
A16: Transport routier et distribution associée
A18: (en millions € et en % des ventes)
B19: Résultats opérationnel du secteur | C19: Marge opérationnelle du secteur
A20: =A5 -> 2018(1) | B20: 612 | C20: 0.096
A21: =A6 -> 2019 | B21: 597 | C21: 0.093
A22: =A7 -> 2020 | B22: 302 | C22: 0.056
A23: =A8 -> 2021 | B23: 599 | C23: 0.096
A24: =A9 -> 2022 | B24: ='[2]3.3.2 b-d ROS par SR'!C14 -> 641.45263 | C24: ='[2]3.3.2 b-d ROS par SR'!C15 -> 0.085957011
A25: 2023 | B25: ='[2]3.3.2 b-d ROS par SR'!B14 -> 455.89222 | C25: ='[2]3.3.2 b-d ROS par SR'!B15 -> 0.065360892
A27: (1) Les montants de l'exercice 2018 ont été retraités, voir note 2.5 des états financiers consolidés disponibles dans le document d'enregistrement universel 2019
A31: Activités de spécialités et distribution associée
A33: (en millions € et en % des ventes)
B34: Résultats opérationnel du secteur | C34: Marge opérationnelle du secteur
A35: =A20 -> 2018(1) | B35: 868 | C35: 0.201
A36: =A21 -> 2019 | B36: 1091 | C36: 0.187
A37: =A22 -> 2020 | B37: 737 | C37: 0.148
A38: =A23 -> 2021 | B38: 724 | C38: 0.13
A39: =A24 -> 2022 | B39: ='[2]3.3.2 b-d ROS par SR'!C22 -> 1044.0791 | C39: ='[2]3.3.2 b-d ROS par SR'!C23 -> 0.14937812
A40: 2023 | B40: ='[2]3.3.2 b-d ROS par SR'!B22 -> 1157.2881 | C40: ='[2]3.3.2 b-d ROS par SR'!B23 -> 0.16464477
A42: (1) Les montants de l'exercice 2018 ont été retraités, voir note 2.5 des états financiers consolidés disponibles dans le document d'enregistrement universel 2019

Sheet Structure des couts
A1: Répartitions du cout des matières premières
A3: ="(en %, en "&ANNEE_EN_COURS&")" -> (en %, en 2023)
A4: ='[2]3.3.3 a Matières premières'!K2 -> Caoutchouc Naturel | B4: ='[2]3.3.3 a Matières premières'!M2-1% -> 0.20501549
A5: ='[2]3.3.3 a Matières premières'!K3 -> Caoutchouc synthetique | B5: ='[2]3.3.3 a Matières premières'!M3 -> 0.22594959
A6: ='[2]3.3.3 a Matières premières'!K4 -> Charges renforçantes | B6: ='[2]3.3.3 a Matières premières'!M4 -> 0.23591999
A7: ='[2]3.3.3 a Matières premières'!K5 -> Produits chimiques | B7: ='[2]3.3.3 a Matières premières'!M5 -> 0.14839354
A8: ='[2]3.3.3 a Matières premières'!K6 -> Câbles | B8: ='[2]3.3.3 a Matières premières'!M6 -> 0.10515717
A9: ='[2]3.3.3 a Matières premières'!K7 -> Textile | B9: ='[2]3.3.3 a Matières premières'!M7-1% -> 0.059564235
A15: Coût des matières premières
A17: (en millions €)
A18: =A19-1 -> 2018 | B18: 4913
A19: =A20-1 -> 2019 | B19: 5052
A20: =A21-1 -> 2020 | B20: 3777
A21: =A22-1 -> 2021 | B21: 5007
A22: ='Chiffres clés'!$C$1 -> 2022 | B22: 6701.1412
A23: 2023 | B23: ='[2]3.3.3 a Matières premières'!L9/1000 -> 5863.2827
A28: Total des frais de personnel
A30: (en millions €)
A31: =A32-1 -> 2018 | B31: =VLOOKUP($A$28,'Chiffres clés'!$A:$G,MATCH(C31,'Chiffres clés'!$1:$1,0),0) -> 6038 | C31: =OFFSET('Chiffres clés'!$C$1,,D31) -> 2018 | D31: =D32+1 -> 4
A32: =A33-1 -> 2019 | B32: =VLOOKUP($A$28,'Chiffres clés'!$A:$G,MATCH(C32,'Chiffres clés'!$1:$1,0),0) -> 6365 | C32: =OFFSET('Chiffres clés'!$C$1,,D32) -> 2019 | D32: =D33+1 -> 3
A33: =A34-1 -> 2020 | B33: =VLOOKUP($A$28,'Chiffres clés'!$A:$G,MATCH(C33,'Chiffres clés'!$1:$1,0),0) -> 5996 | C33: =OFFSET('Chiffres clés'!$C$1,,D33) -> 2020 | D33: =D34+1 -> 2
A34: =A35-1 -> 2021 | B34: =VLOOKUP($A$28,'Chiffres clés'!$A:$G,MATCH(C34,'Chiffres clés'!$1:$1,0),0) -> 6445 | C34: =OFFSET('Chiffres clés'!$C$1,,D34) -> 2021 | D34: =D35+1 -> 1
A35: ='Chiffres clés'!$C$1 -> 2022 | B35: =VLOOKUP($A$28,'Chiffres clés'!$A:$G,MATCH(C35,'Chiffres clés'!$1:$1,0),0) -> 6950 | C35: =OFFSET('Chiffres clés'!$C$1,,D35) -> 2022 | D35: 0
A36: 2023 | B36: =VLOOKUP($A$28,'Chiffres clés'!$A:$G,MATCH(C36,'Chiffres clés'!$1:$1,0),0) -> 7401 | C36: 2023 | D36: -1
A40: Effectifs fin de période (en équivalents temps plein)
A42: (au 31 décembre)
A43: =A44-1 -> 2018 | B43: =VLOOKUP(A40,'Chiffres clés'!$A:$G,MATCH(C43,'Chiffres clés'!$1:$1,0),0) -> 111100 | C43: =OFFSET('Chiffres clés'!$C$1,,D43) -> 2018 | D43: =D44+1 -> 4
A44: =A45-1 -> 2019 | B44: =VLOOKUP($A$40,'Chiffres clés'!$A:$G,MATCH(C44,'Chiffres clés'!$1:$1,0),0) -> 121300 | C44: =OFFSET('Chiffres clés'!$C$1,,D44) -> 2019 | D44: =D45+1 -> 3
A45: =A46-1 -> 2020 | B45: =VLOOKUP($A$40,'Chiffres clés'!$A:$G,MATCH(C45,'Chiffres clés'!$1:$1,0),0) -> 117500 | C45: =OFFSET('Chiffres clés'!$C$1,,D45) -> 2020 | D45: =D46+1 -> 2
A46: =A47-1 -> 2021 | B46: =VLOOKUP($A$40,'Chiffres clés'!$A:$G,MATCH(C46,'Chiffres clés'!$1:$1,0),0) -> 118400 | C46: =OFFSET('Chiffres clés'!$C$1,,D46) -> 2021 | D46: =D47+1 -> 1
A47: ='Chiffres clés'!$C$1 -> 2022 | B47: =VLOOKUP($A$40,'Chiffres clés'!$A:$G,MATCH(C47,'Chiffres clés'!$1:$1,0),0) -> 124900 | C47: =OFFSET('Chiffres clés'!$C$1,,D47) -> 2022 | D47: 0
A48: 2023 | B48: =VLOOKUP($A$40,'Chiffres clés'!$A:$G,MATCH(C48,'Chiffres clés'!$1:$1,0),0) -> 125000 | C48: 2023 | D48: -1
A51: Frais de transport
A53: (en millions €)
A54: =A55-1 -> 2018 | B54: 1152 | C54: =OFFSET('Chiffres clés'!$C$1,,D54) -> 2018 | D54: =D55+1 -> 4
A55: =A56-1 -> 2019 | B55: 1183 | C55: =OFFSET('Chiffres clés'!$C$1,,D55) -> 2019 | D55: =D56+1 -> 3
A56: =A57-1 -> 2020 | B56: 1186 | C56: =OFFSET('Chiffres clés'!$C$1,,D56) -> 2020 | D56: =D57+1 -> 2
A57: =A58-1 -> 2021 | B57: 1232 | C57: =OFFSET('Chiffres clés'!$C$1,,D57) -> 2021 | D57: =D58+1 -> 1
A58: ='Chiffres clés'!$C$1 -> 2022 | B58: ='[2]3.3.3 c à m'!D10 -> 2056 | C58: =OFFSET('Chiffres clés'!$C$1,,D58) -> 2022 | D58: 0
A59: 2023 | B59: ='[2]3.3.3 c à m'!C10 -> 1485 | C59: 2023 | D59: -1
A62: Frais de recherche et développement
A64: (en millions €)
A65: =A66-1 -> 2018 | B65: =VLOOKUP($A$62,'Chiffres clés'!$A:$G,MATCH(C65,'Chiffres clés'!$1:$1,0),0) -> 648 | C65: =OFFSET('Chiffres clés'!$C$1,,D65) -> 2018 | D65: =D66+1 -> 4
A66: =A67-1 -> 2019 | B66: =VLOOKUP($A$62,'Chiffres clés'!$A:$G,MATCH(C66,'Chiffres clés'!$1:$1,0),0) -> 687 | C66: =OFFSET('Chiffres clés'!$C$1,,D66) -> 2019 | D66: =D67+1 -> 3
A67: =A68-1 -> 2020 | B67: =VLOOKUP($A$62,'Chiffres clés'!$A:$G,MATCH(C67,'Chiffres clés'!$1:$1,0),0) -> 646 | C67: =OFFSET('Chiffres clés'!$C$1,,D67) -> 2020 | D67: =D68+1 -> 2
A68: =A69-1 -> 2021 | B68: =VLOOKUP($A$62,'Chiffres clés'!$A:$G,MATCH(C68,'Chiffres clés'!$1:$1,0),0) -> 682 | C68: =OFFSET('Chiffres clés'!$C$1,,D68) -> 2021 | D68: =D69+1 -> 1
A69: ='Chiffres clés'!$C$1 -> 2022 | B69: =VLOOKUP($A$62,'Chiffres clés'!$A:$G,MATCH(C69,'Chiffres clés'!$1:$1,0),0) -> 698 | C69: =OFFSET('Chiffres clés'!$C$1,,D69) -> 2022 | D69: 0
A70: 2023 | B70: =VLOOKUP($A$62,'Chiffres clés'!$A:$G,MATCH(C70,'Chiffres clés'!$1:$1,0),0) -> 756 | C70: 2023 | D70: -1

Sheet Tréso et bilan
A1: EBITDA des secteurs *
A2: (en millions €)
A3: =A4-1 -> 2018 | B3: =VLOOKUP($A$1,'Chiffres clés'!$A:$G,MATCH(C3,'Chiffres clés'!$1:$1,0),0) -> 4119 | C3: =OFFSET('Chiffres clés'!$C$1,,D3) -> 2018 | D3: =D4+1 -> 4
A4: =A5-1 -> 2019 | B4: =VLOOKUP($A$1,'Chiffres clés'!$A:$G,MATCH(C4,'Chiffres clés'!$1:$1,0),0) -> 4763 | C4: =OFFSET('Chiffres clés'!$C$1,,D4) -> 2019 | D4: =D5+1 -> 3
A5: =A6-1 -> 2020 | B5: =VLOOKUP($A$1,'Chiffres clés'!$A:$G,MATCH(C5,'Chiffres clés'!$1:$1,0),0) -> 3631 | C5: =OFFSET('Chiffres clés'!$C$1,,D5) -> 2020 | D5: =D6+1 -> 2
A6: =A7-1 -> 2021 | B6: =VLOOKUP($A$1,'Chiffres clés'!$A:$G,MATCH(C6,'Chiffres clés'!$1:$1,0),0) -> 4700 | C6: =OFFSET('Chiffres clés'!$C$1,,D6) -> 2021 | D6: =D7+1 -> 1
A7: ='Chiffres clés'!$C$1 -> 2022 | B7: =VLOOKUP($A$1,'Chiffres clés'!$A:$G,MATCH(C7,'Chiffres clés'!$1:$1,0),0) -> 5262 | C7: =OFFSET('Chiffres clés'!$C$1,,D7) -> 2022 | D7: 0
A8: 2023 | B8: =VLOOKUP($A$1,'Chiffres clés'!$A:$G,MATCH(C8,'Chiffres clés'!$1:$1,0),0) -> 5489 | C8: 2023 | D8: -1
A10: * Voir note (1) onglet 'Chiffres clés'
A13: Flux de trésorerie sur activités opérationnelles
A15: (en millions €)
A16: =A17-1 -> 2018 | B16: =VLOOKUP($A$13,'Chiffres clés'!$A:$G,MATCH(C16,'Chiffres clés'!$1:$1,0),0) -> 2831 | C16: =OFFSET('Chiffres clés'!$C$1,,D16) -> 2018 | D16: =D17+1 -> 4
A17: =A18-1 -> 2019 | B17: =VLOOKUP($A$13,'Chiffres clés'!$A:$G,MATCH(C17,'Chiffres clés'!$1:$1,0),0) -> 3321 | C17: =OFFSET('Chiffres clés'!$C$1,,D17) -> 2019 | D17: =D18+1 -> 3
A18: =A19-1 -> 2020 | B18: =VLOOKUP($A$13,'Chiffres clés'!$A:$G,MATCH(C18,'Chiffres clés'!$1:$1,0),0) -> 3366 | C18: =OFFSET('Chiffres clés'!$C$1,,D18) -> 2020 | D18: =D19+1 -> 2
A19: =A20-1 -> 2021 | B19: 2906 | C19: =OFFSET('Chiffres clés'!$C$1,,D19) -> 2021 | D19: =D20+1 -> 1
A20: ='Chiffres clés'!$C$1 -> 2022 | B20: 1931 | C20: =OFFSET('Chiffres clés'!$C$1,,D20) -> 2022 | D20: 0
A21: 2023 | B21: =VLOOKUP($A$13,'Chiffres clés'!$A:$G,MATCH(C21,'Chiffres clés'!$1:$1,0),0) -> 5287 | C21: 2023 | D21: -1
A24: Stocks en valeur
A26: (en millions €)
A27: 2018* | B27: 4702
A28: 2019 | B28: 4694
A29: 2020 | B29: 3959
A30: 2021 | B30: 6318
A31: 2022 | B31: ='[2]3.4 Bilan'!C13 -> 6318
A32: 2023 | B32: ='[2]3.4 Bilan'!B13 -> 5447
A34: * Les montants de l'exercice 2018 ont été retraités, voir note 2.5 des états financiers consolidés disponibles dans le document d'enregistrement universel 2019
A38: Créances clients
A40: (en millions €)
A41: 2018* | B41: 3453
A42: 2019 | B42: 3532
A43: 2020 | B43: 3018
A44: 2021 | B44: 4205
A45: 2022 | B45: ='[2]3.4 Bilan'!C14 -> 4205
A46: 2023 | B46: ='[2]3.4 Bilan'!B14 -> 3850
A48: * Les montants de l'exercice 2018 ont été retraités, voir note 2.5 des états financiers consolidés disponibles dans le document d'enregistrement universel 2019
A52: Investissements incorporels et corporels bruts
A54: (en millions €)
A55: =A56-1 -> 2018 | B55: =VLOOKUP($A$52,'Chiffres clés'!$A:$G,MATCH(C55,'Chiffres clés'!$1:$1,0),0) -> 1669 | C55: =OFFSET('Chiffres clés'!$C$1,,D55) -> 2018 | D55: =D56+1 -> 4
A56: =A57-1 -> 2019 | B56: =VLOOKUP($A$52,'Chiffres clés'!$A:$G,MATCH(C56,'Chiffres clés'!$1:$1,0),0) -> 1801 | C56: =OFFSET('Chiffres clés'!$C$1,,D56) -> 2019 | D56: =D57+1 -> 3
A57: =A58-1 -> 2020 | B57: =VLOOKUP($A$52,'Chiffres clés'!$A:$G,MATCH(C57,'Chiffres clés'!$1:$1,0),0) -> 1221 | C57: =OFFSET('Chiffres clés'!$C$1,,D57) -> 2020 | D57: =D58+1 -> 2
A58: =A59-1 -> 2021 | B58: =VLOOKUP($A$52,'Chiffres clés'!$A:$G,MATCH(C58,'Chiffres clés'!$1:$1,0),0) -> 1705 | C58: =OFFSET('Chiffres clés'!$C$1,,D58) -> 2021 | D58: =D59+1 -> 1
A59: ='Chiffres clés'!$C$1 -> 2022 | B59: =VLOOKUP($A$52,'Chiffres clés'!$A:$G,MATCH(C59,'Chiffres clés'!$1:$1,0),0) -> 2141 | C59: =OFFSET('Chiffres clés'!$C$1,,D59) -> 2022 | D59: 0
A60: 2023 | B60: =VLOOKUP($A$52,'Chiffres clés'!$A:$G,MATCH(C60,'Chiffres clés'!$1:$1,0),0) -> 2236 | C60: 2023 | D60: -1
A63: Cash flow libre **
A65: (en millions €)
A66: =OFFSET('Chiffres clés'!$C$1,,C66) -> 2018 | B66: =VLOOKUP($A$63,'Chiffres clés'!$A:$G,MATCH(A66,'Chiffres clés'!$1:$1,0),0) -> -1985 | C66: =C67+1 -> 4
A67: =OFFSET('Chiffres clés'!$C$1,,C67) -> 2019 | B67: =VLOOKUP($A$63,'Chiffres clés'!$A:$G,MATCH(A67,'Chiffres clés'!$1:$1,0),0) -> 1142 | C67: =C68+1 -> 3
A68: =OFFSET('Chiffres clés'!$C$1,,C68) -> 2020 | B68: =VLOOKUP($A$63,'Chiffres clés'!$A:$G,MATCH(A68,'Chiffres clés'!$1:$1,0),0) -> 2004 | C68: =C69+1 -> 2
A69: =OFFSET('Chiffres clés'!$C$1,,C69) -> 2021 | B69: =VLOOKUP($A$63,'Chiffres clés'!$A:$G,MATCH(A69,'Chiffres clés'!$1:$1,0),0) -> 1357 | C69: =C70+1 -> 1
A70: =OFFSET('Chiffres clés'!$C$1,,C70) -> 2022 | B70: =VLOOKUP($A$63,'Chiffres clés'!$A:$G,MATCH(A70,'Chiffres clés'!$1:$1,0),0) -> -180.3 | C70: 0
A71: 2023 | B71: =VLOOKUP($A$63,'Chiffres clés'!$A:$G,MATCH(A71,'Chiffres clés'!$1:$1,0),0) -> 2342.8 | C71: -1
A73: * Les montants de l'exercice 2018 ont été retraités, voir note 2.5 des états financiers consolidés disponibles dans le document d'enregistrement universel 2019
A74: ** Voir note (5) onglet 'Chiffres clés'
A76: Cash flow libre* structurel
A77: (en millions €) | B77: reporter valeurs à la main car pas dans Chiffres clés
A78: 2018 | B78: 1274
A79: 2019 | B79: 1615
A80: 2020 | B80: 2010
A81: 2021 | B81: 1793
A82: 2022
A83: 2023
A85: * Cash flow libre avant acquisitions, ajusté de l'impact, sur les comptes clients, les comptes fournisseurs et les stocks, des variations de cours de matière premières et des intérêts OCEANE 2017 versés à l'échéance
A89: Endettement net **
A91: (en millions €)
A92: =OFFSET('Chiffres clés'!$C$1,,C92) -> 2018 | B92: =VLOOKUP($A$89,'Chiffres clés'!$A:$G,MATCH(A92,'Chiffres clés'!$1:$1,0),0) -> 4056 | C92: =C93+1 -> 4
A93: =OFFSET('Chiffres clés'!$C$1,,C93) -> 2019 | B93: =VLOOKUP($A$89,'Chiffres clés'!$A:$G,MATCH(A93,'Chiffres clés'!$1:$1,0),0) -> 5184 | C93: =C94+1 -> 3
A94: =OFFSET('Chiffres clés'!$C$1,,C94) -> 2020 | B94: =VLOOKUP($A$89,'Chiffres clés'!$A:$G,MATCH(A94,'Chiffres clés'!$1:$1,0),0) -> 3531 | C94: =C95+1 -> 2
A95: =OFFSET('Chiffres clés'!$C$1,,C95) -> 2021 | B95: =VLOOKUP($A$89,'Chiffres clés'!$A:$G,MATCH(A95,'Chiffres clés'!$1:$1,0),0) -> 2789 | C95: =C96+1 -> 1
A96: =OFFSET('Chiffres clés'!$C$1,,C96) -> 2022 | B96: =VLOOKUP($A$89,'Chiffres clés'!$A:$G,MATCH(A96,'Chiffres clés'!$1:$1,0),0) -> 4320 | C96: 0
A97: 2023 | B97: =VLOOKUP($A$89,'Chiffres clés'!$A:$G,MATCH(A97,'Chiffres clés'!$1:$1,0),0) -> 3280.8 | C97: -1
A99: * Les montants de l'exercice 2018 ont été retraités, voir note 2.5 des états financiers consolidés disponibles dans le document d'enregistrement universel 2019
A100: ** Voir note (3) onglet 'Chiffres clés'
A102: Endettement net (2) / Capitaux propres
A103: Endettement net ** / Capitaux propres
A105: (en millions €)
A106: =OFFSET('Chiffres clés'!$C$1,,C106) -> 2018 | B106: =VLOOKUP($A$102,'Chiffres clés'!$A:$G,MATCH(A106,'Chiffres clés'!$1:$1,0),0) -> 0.33 | C106: =C107+1 -> 4
A107: =OFFSET('Chiffres clés'!$C$1,,C107) -> 2019 | B107: =VLOOKUP($A$102,'Chiffres clés'!$A:$G,MATCH(A107,'Chiffres clés'!$1:$1,0),0) -> 0.392 | C107: =C108+1 -> 3
A108: =OFFSET('Chiffres clés'!$C$1,,C108) -> 2020 | B108: =VLOOKUP($A$102,'Chiffres clés'!$A:$G,MATCH(A108,'Chiffres clés'!$1:$1,0),0) -> 0.28 | C108: =C109+1 -> 2
A109: =OFFSET('Chiffres clés'!$C$1,,C109) -> 2021 | B109: =VLOOKUP($A$102,'Chiffres clés'!$A:$G,MATCH(A109,'Chiffres clés'!$1:$1,0),0) -> 0.186 | C109: =C110+1 -> 1
A110: =OFFSET('Chiffres clés'!$C$1,,C110) -> 2022 | B110: =VLOOKUP($A$102,'Chiffres clés'!$A:$G,MATCH(A110,'Chiffres clés'!$1:$1,0),0) -> 0.25239542 | C110: 0
A111: 2023 | B111: =VLOOKUP($A$102,'Chiffres clés'!$A:$G,MATCH(A111,'Chiffres clés'!$1:$1,0),0) -> 0.18269295 | C111: -1
A113: * Les montants de l'exercice 2018 ont été retraités, voir note 2.5 des états financiers consolidés disponibles dans le document d'enregistrement universel 2019
A114: ** Voir note (3) onglet 'Chiffres clés'
A116: Endettement net (2) / EBITDA (1)
A117: Endettement net **/EBITDA
A119: (en millions €)
A120: =OFFSET('Chiffres clés'!$C$1,,C120) -> 2018 | B120: =VLOOKUP($A$116,'Chiffres clés'!$A:$G,MATCH(A120,'Chiffres clés'!$1:$1,0),0) -> 0.98 | C120: =C121+1 -> 4
A121: =OFFSET('Chiffres clés'!$C$1,,C121) -> 2019 | B121: =VLOOKUP($A$116,'Chiffres clés'!$A:$G,MATCH(A121,'Chiffres clés'!$1:$1,0),0) -> 1.09 | C121: =C122+1 -> 3
A122: =OFFSET('Chiffres clés'!$C$1,,C122) -> 2020 | B122: =VLOOKUP($A$116,'Chiffres clés'!$A:$G,MATCH(A122,'Chiffres clés'!$1:$1,0),0) -> 0.97 | C122: =C123+1 -> 2
A123: =OFFSET('Chiffres clés'!$C$1,,C123) -> 2021 | B123: =VLOOKUP($A$116,'Chiffres clés'!$A:$G,MATCH(A123,'Chiffres clés'!$1:$1,0),0) -> 0.59 | C123: =C124+1 -> 1
A124: =OFFSET('Chiffres clés'!$C$1,,C124) -> 2022 | B124: =VLOOKUP($A$116,'Chiffres clés'!$A:$G,MATCH(A124,'Chiffres clés'!$1:$1,0),0) -> 0.82098062 | C124: 0
A125: 2023 | B125: =VLOOKUP($A$116,'Chiffres clés'!$A:$G,MATCH(A125,'Chiffres clés'!$1:$1,0),0) -> 0.5977045 | C125: -1
A127: * Les montants de l'exercice 2018 ont été retraités, voir note 2.5 des états financiers consolidés disponibles dans le document d'enregistrement universel 2019
A128: ** Voir note (3) onglet 'Chiffres clés'
A130: ROCE opérationnel(6)
A131: ROCE*
A132: (après impôts)
C133: =OFFSET('Chiffres clés'!$C$1,,D133) -> 2018 | D133: =D134+1 -> 4
A134: =A135-1 -> 2019 | B134: 0.1 | C134: =OFFSET('Chiffres clés'!$C$1,,D134) -> 2019 | D134: =D135+1 -> 3
A135: =A136-1 -> 2020 | B135: 0.06 | C135: =OFFSET('Chiffres clés'!$C$1,,D135) -> 2020 | D135: =D136+1 -> 2
...

Sheet Situation de la dette 
B1: Emprunts auprès des établissements financiers | C1: Titrisation | D1: Obligations | E1: BT | F1: Dérivés (et autres) | G1: Trésorerie et équivalents | H1: Actifs financiers de gestion de trésorerie | I1: Ligne syndiquée
A2: Trésorerie et lignes de back-up | B2: 0 | C2: 0 | D2: 0 | E2: 0 | F2: 0 | G2: 2515 | H2: 285 | I2: 2500
A3: 2024 | B3: 265 | C3: 15 | D3: 0 | E3: 295 | F3: 257 | G3: 0 | H3: 0 | I3: 0
A4: 2025 | B4: 38 | C4: 0 | D4: 748 | E4: 0 | F4: 194 | G4: 0 | H4: 0 | I4: 0
A5: 2026 | B5: 14 | C5: 0 | D5: 0 | E5: 0 | F5: 150 | G5: 0 | H5: 0 | I5: 0
A6: 2027 | B6: 8 | C6: 0 | D6: 299 | E6: 0 | F6: 104 | G6: 0 | H6: 0 | I6: 0
A7: 2028 | B7: 4 | C7: 0 | D7: 498 | E7: 0 | F7: 66 | G7: 0 | H7: 0 | I7: 0
A8: 2029 | B8: 0 | C8: 0 | D8: 0 | E8: 0 | F8: 42 | G8: 0 | H8: 0 | I8: 0
A9: 2030 et au-delà | B9: 13 | C9: 0 | D9: 3046 | E9: 0 | F9: 186 | G9: 0 | H9: 0 | I9: 0

Sheet Footprint Industriel
B3: Groupe Michelin: 121 sites industriels dans 20 pays
B5: MICHELIN + Multistrada + Levorin: 70 sites industriels
C7: nombre de sites produits finis (1) | D7: capacité activable (kT) | E7: nombre de sites capacité activable > 100kT | F7: nombre de sites semi-finis et composants (2) | G7: effectifs
B8: Europe | C8: =[7]registered!B31 -> 24 | D8: 1650 | E8: 6 | F8: =COUNTA([7]registered!B96:B103) -> 8 | G8: ~ 35 000
B9: Amérique du Nord (yc Mexique) | C9: =[7]registered!B57 -> 18 | D9: 1400 | E9: 7 | F9: =COUNTA([7]registered!B104:B105) -> 2 | G9: ~ 21 000
B10: Amérique du Sud | C10: =[7]registered!B68 -> 4 | D10: 250 | E10: 1 | F10: =COUNTA([7]registered!B109) -> 1 | G10: ~ 7 000
B11: Asie (yc Inde) | C11: =[7]registered!B81+[7]registered!B89 -> 7 | D11: 820 | E11: 3 | F11: =COUNTA([7]registered!B106,[7]registered!B107:B108,[7]registered!B110:B112) -> 6 | G11: ~ 25 000
B12: TOTAL | C12: =SUM(C8:C11) -> 53 | D12: =SUM(D8:D11) -> 4120 | E12: =SUM(E8:E11) -> 17 | F12: =SUM(F8:F11) -> 17 | G12: ~ 88 000
B13: (1) La plupart des usines produits finis produisent également des produits semi-finis et/ou composants.
B14: (2) Sites exclusivement consacrés à la production de produits semi-finis et/ou composants
B16: CAMSO:
B17: 16 sites industriels (3 Europe, 4 Amérique du Nord, 1 Amérique du Sud, 8 Asie)
B19: FENNER:
B20: 35 sites industriels
